[Event "Team 45 45 League T29"]
[Site "Internet Chess Club"]
[Date "2006.02.19"]
[Round "9"]
[White "DavidBarnsley"]
[Black "Boromir"]
[Result "1/2-1/2"]
[WhiteElo "1996"]
[BlackElo "1883"]
[TimeControl "2700+45"]

1. d4 Nf6 2. c4 c5 3. d5 b5 4. Nc3 d6 5. Nxb5 g6 6. e3 Bg7 7. Bd3 Nbd7 8. Nf3
O-O 9. O-O Qb6 10. a4 Ng4 11. Ra3 Rb8 12. Rb3 Nde5 13. Nxe5 Nxe5 14. f4 Nxd3 15.
Qxd3 Bf5 16. e4 Bd7 17. Kh1 a6 18. Nd4 Qc7 19. Nf3 Bxa4 20. Ra3 Bd7 21. e5 Rb6
22. Bd2 Qb7 23. Bc3 Bf5 24. Qe3 Rb3 25. Ra2 h6 26. Nd2 Rb6 27. b3 Qb8 28. Rfa1
Kh7 29. Rxa6 Rxa6 30. Rxa6 Qb7 31. Ra2 Ra8 32. Rxa8 Qxa8 33. h3 Qa2 34. g4 Bc2
35. exd6 exd6 36. Bxg7 Kxg7 37. Qc3+ Kg8 38. Qf6 Bxb3 39. Nxb3 Qxb3 40. Qxd6
Qxc4 41. Qe5 Qf1+ 42. Kh2 Qf2+ 43. Kh1 Qf1+ 44. Kh2 Qf2+ 45. Kh1 Qf1+ {Game
drawn by repetition} 1/2-1/2  aics%

[Event "Team 45 45 League T29"]
[Site "Internet Chess Club"]
[Date "2006.02.18"]
[Round "9"]
[White "Zarek"]
[Black "buzzard"]
[Result "0-1"]
[WhiteElo "1753"]
[BlackElo "1688"]
[TimeControl "2700+45"]

1. e4 c5 2. Nf3 Nc6 3. d4 cxd4 4. Nxd4 Nf6 5. Nc3 e5 6. Ndb5 d6 7. Nd5 Nxd5 8.
exd5 Nb8 9. c4 a6 10. Nc3 Be7 11. Bd3 Bg5 12. Qh5 h6 13. Bxg5 Qxg5 14. Qxg5 hxg5
15. Ne4 Ke7 16. Nxg5 f6 17. Ne4 Nd7 18. O-O f5 19. Ng3 g6 20. b4 Nf6 21. Rfc1
Bd7 22. a3 b5 23. Rc3 Rac8 24. Rac1 Rc7 25. c5 Rhc8 26. cxd6+ Kxd6 27. Rxc7 Rxc7
28. Rxc7 Kxc7 29. Ne2 Nxd5 30. Kf1 Kb6 31. Ke1 a5 32. bxa5+ Kxa5 33. Kd2 Ka4 34.
Nc3+ Nxc3 35. Kxc3 Kxa3 36. Kc2 e4 37. Be2 b4 38. Bc4 Ba4+ 39. Kc1 Bb3 40. Bxb3
Kxb3 41. Kb1 Kc3 42. Kc1 Kd3 {White resigns} 0-1  aics%

[Event "Team 45 45 League T29"]
[Site "Internet Chess Club"]
[Date "2006.02.19"]
[Round "9"]
[White "Chessnut"]
[Black "JohnnySP"]
[Result "1-0"]
[WhiteElo "1823"]
[BlackElo "1814"]
[TimeControl "2700+45"]

1. e4 e5 2. Nf3 Nc6 3. Bb5 a6 4. Ba4 Nf6 5. O-O Be7 6. c3 b5 7. Bc2 O-O 8. d4 d6
9. Nbd2 Bg4 10. h3 Bh5 11. d5 Nb8 12. Re1 Qc8 13. Nf1 c6 14. Ng3 Bg6 15. dxc6
Qxc6 16. Nh4 Rd8 17. Ngf5 Bf8 18. Bg5 Nbd7 19. Bb3 Rdc8 20. Nxg6 hxg6 21. Nh4
Nc5 22. Bxf6 Nxb3 23. Qxb3 gxf6 24. Nxg6 Kg7 25. Nh4 Qc4 26. Nf5+ Kg6 27. Qd1
Rc7 28. Qg4+ Kh7 29. Qh5+ Kg8 30. Re3 Bg7 31. Rg3 {Black resigns} 1-0  aics%

[Event "Team 45 45 League T29"]
[Site "Internet Chess Club"]
[Date "2006.02.19"]
[Round "9"]
[White "martineden"]
[Black "MrShaw"]
[Result "1-0"]
[WhiteElo "1884"]
[BlackElo "1760"]
[TimeControl "2700+45"]

1. d4 Nf6 2. c4 g6 3. Nf3 Bg7 4. g3 O-O 5. Bg2 d6 6. O-O Nc6 7. Nc3 Bf5 8. d5
Na5 9. Qa4 c5 10. Bd2 a6 11. Nd1 b6 12. Bxa5 bxa5 13. Ne3 Bd7 14. Qc2 Rb8 15.
Rfd1 Nh5 16. Rab1 a4 17. Nf1 a3 18. b3 f5 19. Ng5 h6 20. Ne6 Bxe6 21. dxe6 Nf6
22. Ne3 Qc8 23. Bd5 Nxd5 24. cxd5 Rb4 25. Nc4 Kh7 26. Nxa3 f4 27. Nc4 fxg3 28.
hxg3 Rf5 29. e4 Rh5 30. Kg2 Qf8 31. Rh1 Rxh1 32. Rxh1 Qf6 33. f4 Qf8 34. e5 Qa8
35. Rd1 dxe5 36. Nxe5 Bxe5 37. fxe5 Qb7 38. Qxc5 Rb5 39. Qc6 Qxc6 40. dxc6 Rc5
41. Rd7 Rxc6 42. Rxe7+ Kg8 43. Re8+ Kg7 44. Kf3 Rc1 45. Ke4 Re1+ 46. Kd5 Rd1+
47. Kc6 Re1 48. Kd6 Rd1+ 49. Ke7 h5 50. Rd8 Re1 51. Rd5 g5 52. Kd7 h4 53. gxh4
gxh4 54. e7 h3 55. Rd2 h2 56. Rxh2 Rd1+ 57. Ke6 {Black forfeits on time} 1-0 
aics%

[Event "Team 45 45 League T29"]
[Site "Internet Chess Club"]
[Date "2006.02.19"]
[Round "9"]
[White "Ozgur-Bjk"]
[Black "searchforbobby1"]
[Result "1/2-1/2"]
[WhiteElo "2123"]
[BlackElo "2094"]
[TimeControl "2700+45"]

1. d4 f5 2. c4 Nf6 3. Nc3 e6 4. Nf3 c6 5. e3 d5 6. Bd3 Bd6 7. O-O O-O 8. Qc2 Ne4
9. Ne5 Nd7 10. f4 Nxe5 11. fxe5 Be7 12. Nxe4 fxe4 13. Rxf8+ Bxf8 14. Be2 Bd7 15.
Bd2 Qb6 16. c5 Qc7 17. b4 Be7 18. Rf1 Rf8 19. Rxf8+ Bxf8 20. Be1 Be7 21. Bg4 Qc8
22. Qa4 Qb8 23. Qa3 g6 24. Be2 Kg7 25. Qb3 b6 26. Bd2 h5 27. Be1 Kh6 28. g4 bxc5
29. bxc5 Qxb3 30. axb3 Bd8 31. Kg2 Bc8 32. h4 Be7 33. g5+ Kg7 34. Ba5 Kf7 35.
Bc7 Ke8 36. Bb8 a6 37. Bc7 Kd7 38. Bb6 Bb7 39. Kf2 Kc8 40. Ke1 Kb8 41. Kd2 Kc8
42. Kc3 Kb8 43. Kb4 Kc8 44. Ka5 Kb8 45. Bf1 Bc8 {Game drawn by mutual agreement}
1/2-1/2  aics%

[Event "Team 45 45 League T29"]
[Site "Internet Chess Club"]
[Date "2006.02.19"]
[Round "9"]
[White "viking99"]
[Black "Div-anand"]
[Result "1-0"]
[WhiteElo "1812"]
[BlackElo "1942"]
[TimeControl "2700+45"]

1. e4 e5 2. Nf3 Nc6 3. Bb5 a6 4. Ba4 Nf6 5. d3 b5 6. Bb3 Be7 7. O-O d6 8. Re1
Bg4 9. Nbd2 O-O 10. Nf1 Nd4 11. N1d2 Re8 12. h3 Bh5 13. c3 Nxb3 14. Qxb3 c6 15.
d4 Qc7 16. g4 Bg6 17. a4 Bf8 18. Nh4 Qd8 19. Nxg6 hxg6 20. dxe5 dxe5 21. Nf3 Nd7
22. Ng5 Qf6 23. Be3 Nc5 24. Qc2 Rad8 25. axb5 cxb5 26. b4 Na4 27. Rad1 Rc8 28.
Rd7 Be7 29. Qd2 Rcd8 30. Kg2 Qc6 31. Qa2 Qxd7 32. Qxf7+ Kh8 33. Ne6 Bf6 34. Nxd8
Rxd8 35. Qxg6 Qe8 36. Qf5 Qd7 37. Qh5+ Kg8 38. g5 g6 39. Qxg6+ Bg7 40. h4 Qg4+
41. Kf1 Qh3+ 42. Kg1 Qg4+ 43. Kf1 Qh3+ 44. Kg1 Qxh4 45. Qe6+ Kh8 46. Kg2 Qxe4+
47. f3 Qc2+ 48. Kg3 Rd1 49. Rxd1 Nxc3 50. Qe8+ Kh7 51. Rh1+ Bh6 52. Rxh6+ Kg7
53. Qxe5+ Kf7 54. Qe6+ Kf8 55. Bc5+ Kg7 56. Qf6+ {Black resigns} 1-0  aics% 
torrepetisa(71): *Szabo aics%

[Event "Team 45 45 League T29"]
[Site "Internet Chess Club"]
[Date "2006.02.20"]
[Round "9"]
[White "MrLee"]
[Black "CraigCKlein"]
[Result "1/2-1/2"]
[WhiteElo "1737"]
[BlackElo "1787"]
[TimeControl "2700+45"]

1. Nf3 Nf6 2. c4 e6 3. Nc3 Bb4 4. Qc2 O-O 5. a3 Bxc3 6. Qxc3 b6 7. e3 Bb7 8. Be2
d6 9. O-O Nbd7 10. b4 e5 11. d3 Re8 12. e4 c5 13. b5 Nf8 14. Re1 Ne6 15. Be3 Qc7
16. Nd2 a6 17. a4 a5 {Game drawn by mutual agreement} 1/2-1/2  aics%

[Event "Team 45 45 League T29"]
[Site "Internet Chess Club"]
[Date "2006.02.21"]
[Round "9"]
[White "e4ia"]
[Black "smitty120"]
[Result "0-1"]
[WhiteElo "1543"]
[BlackElo "1660"]
[TimeControl "2700+45"]

1. d4 f5 2. h3 d5 3. Bf4 Nf6 4. Bg5 Ne4 5. h4 h6 6. Bf4 e6 7. f3 Nf6 8. Be5 Nc6
9. f4 Nxe5 10. fxe5 Ng4 11. Qd3 Be7 12. g3 g5 13. Bh3 Kf7 14. Bxg4 fxg4 15. h5
Qg8 16. Nd2 Qh7 17. O-O-O Qxd3 18. exd3 Kg7 19. Ne2 c5 20. Nb3 cxd4 21. Nbxd4
Bd7 22. Rdf1 Rhf8 23. Kd2 Rae8 24. a3 Bd8 25. b4 Bc7 26. Nb3 Bxe5 27. d4 Bc7 28.
Nc5 Bc8 29. c3 b6 30. Nd3 e5 31. dxe5 Bxe5 32. Rf2 Rxf2 33. Nxf2 Ba6 34. Nd3 Bd6
35. Rf1 Bc4 36. Rf2 a5 37. Rg2 axb4 38. cxb4 Ra8 39. Nd4 Bxd3 40. Kxd3 Rxa3+ 41.
Ke2 Bxb4 42. Nf5+ Kh7 43. Nd4 Ra2+ 44. Kf1 Ra1+ 45. Ke2 Re1+ 46. Kf2 Re4 47. Nc2
Bc5+ 48. Kf1 d4 49. Ne1 Re3 50. Rb2 d3 51. Rd2 Rxg3 52. Nxd3 Rg1+ 53. Ke2 Rh1
54. Nf2 g3 55. Rd8 gxf2 56. Rd7+ Kg8 57. Rd8+ Kf7 58. Rd7+ Ke6 {White resigns}
0-1  aics%

[Event "Team 45 45 League T29"]
[Site "Internet Chess Club"]
[Date "2006.02.19"]
[Round "9"]
[White "BorgCollective"]
[Black "tammany"]
[Result "1-0"]
[WhiteElo "1620"]
[BlackElo "1604"]
[TimeControl "2700+45"]

1. f4 d5 2. e3 g6 3. Nf3 Bg7 4. d4 Nh6 5. Bd3 Bf5 6. O-O Bxd3 7. Qxd3 O-O 8.
Nbd2 Nf5 9. c3 Nd6 10. Ne5 Nd7 11. c4 c6 12. c5 Nf5 13. Ndf3 b6 14. Nxc6 Qc7 15.
Nb4 bxc5 16. Nxd5 Qb7 17. Qe4 Kh8 18. Rd1 Nf6 19. Nxf6 Qc8 20. Ng4 cxd4 21. exd4
Nd6 22. Qxe7 Nf5 23. Qe2 Re8 24. Be3 h5 25. Nge5 f6 26. Nxg6+ Kh7 27. Nfh4 Nxe3
28. Qxh5+ Kg8 29. Re1 Qb7 30. Re2 Qb4 31. Nf3 Rad8 32. Rae1 Rxd4 33. Rxe3 Rxe3
34. Rxe3 Rd1+ 35. Kf2 Qxb2+ 36. Kg3 Rd8 37. Ne7+ Kf8 38. Qh7 Kf7 39. Nf5 Rg8 40.
Nh6+ Kf8 41. Qxg8# {Black checkmated} 1-0  aics%

[Event "Team 45 45 League T29"]
[Site "Internet Chess Club"]
[Date "2006.02.19"]
[Round "9"]
[White "dougmo"]
[Black "stan194803"]
[Result "1-0"]
[WhiteElo "1500"]
[BlackElo "1397"]
[TimeControl "2700+45"]

1. e4 e5 2. Nf3 Nc6 3. d4 exd4 4. Bc4 Nf6 5. O-O Be7 6. e5 Ng4 7. Nxd4 Ngxe5 8.
Nxc6 bxc6 9. Bb3 Rb8 10. Bf4 Ng6 11. Bg3 O-O 12. Nc3 d5 13. Qd4 a6 14. Rfe1 Bd6
15. Bxd6 Qxd6 16. Re3 Rb4 17. Qd2 Rh4 18. Rg3 Qe5 19. Re1 Qd6 20. Ne2 Be6 21.
Nd4 c5 22. Nxe6 fxe6 23. c3 c4 24. Bc2 Qb6 25. Bxg6 hxg6 26. Rge3 Rhf4 27. Rxe6
Qxf2+ 28. Qxf2 Rxf2 29. R6e2 R2f6 30. Re6 c6 31. Rxf6 gxf6 32. Re6 Rf7 33. Rxc6
Re7 34. Kf2 Kf7 35. Rxa6 Rd7 36. a4 Rb7 37. a5 Rxb2+ 38. Ke3 Rxg2 39. Kd4 Rxh2
40. Kxd5 Rh3 41. Kxc4 Rh4+ 42. Kb3 Rh5 43. Ra7+ Ke6 44. a6 Rb5+ 45. Kc4 Rb6 46.
Kc5 Rd6 47. Kb5 f5 48. c4 f4 49. Rb7 f3 50. a7 f2 51. a8=Q Rd5+ 52. cxd5+ {Black
resigns} 1-0  aics%

[Event "Team 45 45 League T29"]
[Site "Internet Chess Club"]
[Date "2006.02.19"]
[Round "9"]
[White "room-matt"]
[Black "tarheels"]
[Result "0-1"]
[WhiteElo "1851"]
[BlackElo "1857"]
[TimeControl "2700+45"]

1. e4 c5 2. Nf3 d6 3. d4 cxd4 4. Nxd4 Nf6 5. Nc3 a6 6. Bc4 b5 7. Bb3 Bb7 8. Bg5
Nxe4 9. Bxf7+ Kxf7 10. Qf3+ Nf6 11. Qxb7 Nbd7 12. O-O Qb6 13. Qxa8 Qxd4 14. Qa7
Qxa7 {White resigns} 0-1  aics%

[Event "Team 45 45 League T29"]
[Site "Internet Chess Club"]
[Date "2006.02.20"]
[Round "9"]
[White "Mikey29a"]
[Black "Rainbird"]
[Result "1-0"]
[WhiteElo "1658"]
[BlackElo "1646"]
[TimeControl "2700+45"]

1. e4 c6 2. d4 d5 3. e5 Bf5 4. Nc3 Qb6 5. g4 Bd7 6. f4 e6 7. Nge2 h5 8. gxh5 c5
9. Rb1 Ne7 10. dxc5 Qxc5 11. Qd4 Nf5 12. Qxc5 Bxc5 13. Ng3 Nd4 14. Bd3 Nbc6 15.
Na4 Nf3+ 16. Kf1 Be7 17. Kf2 Ncd4 18. c3 Bxa4 19. cxd4 Nxd4 20. b3 Bb5 21. Bxb5+
Nxb5 22. Bd2 Rc8 23. Rbc1 Kd7 24. a4 Nd4 25. Rb1 Rc2 26. Ke3 Nf3 27. Kxf3 Rxd2
28. Ke3 Rc2 29. Rhc1 Rhc8 30. Ne2 Rxc1 31. Rxc1 Rxc1 32. Nxc1 f6 33. Kd4 fxe5+
34. fxe5 Bg5 35. Nd3 b6 36. b4 Be7 37. b5 Kc7 38. Nf4 Bc5+ 39. Kc3 Kd7 40. Nd3
Ke7 41. h3 Kd7 42. h4 Ke7 43. Kb3 Bd4 44. Kb4 Kf7 45. h6 g6 46. h7 Kg7 47. h8=Q+
Kxh8 48. Nf4 Bxe5 49. Nxg6+ Kg7 50. Nxe5 Kf6 51. Nc6 e5 52. Nxa7 e4 53. Kc3 Ke5
54. Nc6+ Kf4 55. Nd4 {Black resigns} 1-0  aics%

[Event "Team 45 45 League T29"]
[Site "Internet Chess Club"]
[Date "2006.02.17"]
[Round "9"]
[White "clarinetref"]
[Black "Invicta-Knight"]
[Result "1-0"]
[WhiteElo "1630"]
[BlackElo "1502"]
[TimeControl "2700+45"]

1. Nf3 Nf6 2. c4 g6 3. g3 Bg7 4. Bg2 O-O 5. O-O d6 6. d3 a5 7. Nc3 Bd7 8. b3 Qc8
9. Re1 Re8 10. Bb2 Nc6 11. Rb1 Rb8 12. Ba1 Nb4 13. a3 Na6 14. b4 axb4 15. axb4
b5 16. Nd4 bxc4 17. b5 Nc5 18. dxc4 Ne6 19. Nc6 Bxc6 20. Bxc6 Rd8 21. Nd5 Nxd5
22. Bxg7 Ne3 23. Qd3 Nxc4 24. Qxc4 Nxg7 25. e4 Qe6 26. Bd5 Qf6 27. Qxc7 Rdc8 28.
Qa5 Rc2 29. Rf1 Qd4 30. Qb4 Qb6 31. Qb3 Rc5 32. Bxf7+ Kh8 33. Bc4 Ne8 34. Qc3+
e5 35. Qd3 Rbc8 36. Bd5 Rc3 37. Qe2 Nf6 38. Bc6 Rf8 39. Kg2 Rd8 40. Qd2 Rxc6 41.
bxc6 Qxc6 42. f3 Kg7 43. Rfc1 Qa4 44. Rb7+ Rd7 45. Rcc7 h6 46. Rxd7+ Nxd7 47.
Qxd6 {Black resigns} 1-0  aics%

[Event "Team 45 45 League T29"]
[Site "Internet Chess Club"]
[Date "2006.02.21"]
[Round "9"]
[White "twintower"]
[Black "Just-Jim"]
[Result "1-0"]
[WhiteElo "1661"]
[BlackElo "1411"]
[TimeControl "2700+45"]

1. e4 e5 2. Nf3 Nc6 3. Bc4 h6 4. O-O Bc5 5. b4 Bxb4 6. c3 Bc5 7. d4 exd4 8. cxd4
Bb6 9. Qb3 Qe7 10. Ne5 Nxe5 11. dxe5 Bd4 12. Bb2 Bxb2 13. Qxb2 f6 14. Qb3 Qf8
15. f4 Ne7 16. Nc3 a6 17. a4 c6 18. exf6 Qxf6 19. e5 Qf8 20. Ne4 Nd5 21. Bxd5
cxd5 22. Nd6+ Ke7 23. Qxd5 g6 24. f5 Qg8 25. f6+ Kf8 26. Qc5 b6 27. Qa3 Qd5 28.
Nxc8+ Qc5+ 29. Qxc5+ bxc5 30. Nd6 Rb8 31. Rac1 Kg8 32. Rxc5 Kh7 33. Rc7 Rhd8 34.
Nf7 Re8 35. Rxd7 Rf8 36. Ng5+ Kh8 37. Rh7+ Kg8 38. f7+ Rxf7 39. Rhxf7 hxg5 40.
e6 Re8 41. e7 a5 42. Rf8+ Rxf8 43. exf8=Q+ Kh7 44. Rf7# {Black checkmated} 1-0 
aics%

[Event "Team 45 45 League T29"]
[Site "Internet Chess Club"]
[Date "2006.02.20"]
[Round "9"]
[White "SandiaCaveMan"]
[Black "LaskerFan"]
[Result "0-1"]
[WhiteElo "1408"]
[BlackElo "1412"]
[TimeControl "2700+45"]

1. d4 d5 2. Nf3 Nf6 3. c4 c6 4. Nc3 e6 5. Bf4 Be7 6. e3 O-O 7. Bd3 dxc4 8. Bxc4
b5 9. Bd3 a6 10. O-O Bb7 11. Qc2 Nbd7 12. Ng5 g6 13. Nge4 Nb6 14. Nxf6+ Bxf6 15.
Ne4 Be7 16. Nc5 Qc8 17. Nxb7 Qxb7 18. Be4 Rfc8 19. Rac1 Nc4 20. Bd3 Nd6 21. Be2
Rc7 22. Bf3 Rac8 23. Qd3 Qb6 24. Rc2 Rd7 25. Rfc1 Nc4 26. a3 Qa7 27. e4 Rxd4 28.
Qc3 e5 29. Bg3 Rcd8 30. Be2 Rxe4 31. Bxc4 Rxc4 32. Qxe5 Rxc2 33. Re1 Re8 34. Bh4
Qd7 35. Bxe7 Rxe7 36. Qb8+ Kg7 37. Kf1 Rxe1+ 38. Kxe1 Qd2+ {White resigns} 0-1 
aics%

[Event "Team 45 45 League T29"]
[Site "Internet Chess Club"]
[Date "2006.02.18"]
[Round "9"]
[White "JimGaming"]
[Black "littleboo"]
[Result "1-0"]
[WhiteElo "1336"]
[BlackElo "1227"]
[TimeControl "2700+45"]

1. e4 e5 2. Nf3 Nc6 3. Bb5 a6 4. Ba4 Nf6 5. d3 b5 6. Bb3 Bb4+ 7. c3 Ba5 8. O-O
O-O 9. Bg5 d6 10. a3 Kh8 11. Ba2 Bg4 12. Nbd2 h6 13. Be3 d5 14. b4 dxe4 15. Nxe4
Nxe4 16. dxe4 Qxd1 17. Raxd1 Bxf3 18. gxf3 Bb6 19. Bxb6 cxb6 20. Rd6 Rac8 21.
Rfd1 Nb8 22. Rc1 Rc6 23. Rxc6 Nxc6 24. Bd5 Ne7 25. c4 bxc4 26. Rxc4 Nxd5 27.
exd5 Rd8 28. Rc6 Rxd5 29. Rxb6 Rd3 30. Rxa6 Rxf3 31. b5 Rb3 32. b6 Kg8 33. a4
Kf8 34. a5 Ke7 35. Ra7+ Ke6 36. b7 h5 37. Ra6+ Kd5 38. Rb6 Rxb6 39. axb6 {Black
resigns} 1-0  aics%

[Event "Team 45 45 League T29"]
[Site "Internet Chess Club"]
[Date "2006.02.19"]
[Round "9"]
[White "vhuffst"]
[Black "Hastings"]
[Result "1-0"]
[WhiteElo "1416"]
[BlackElo "1271"]
[TimeControl "2700+45"]

1. e4 e5 2. Nf3 Nc6 3. Nc3 Bb4 4. a3 Bxc3 5. dxc3 Nf6 6. Qd3 a6 7. Be2 d5 8. Bg5
dxe4 9. Qxd8+ Nxd8 10. Nxe5 Ne6 11. Bd2 Nd5 12. O-O-O Nef4 13. Bc4 Be6 14. Rhe1
f6 15. Rxe4 fxe5 16. Rxe5 Kf7 17. Bxf4 Nxf4 18. Rf5+ Kg6 19. Rxf4 Bxc4 20. Rxc4
c6 21. Rg4+ Kf6 22. Rd7 Rhe8 23. Rgxg7 Re1+ 24. Kd2 Rae8 25. Rdf7+ {Black
resigns} 1-0  aics%

[Event "Team 45 45 League T29"]
[Site "Internet Chess Club"]
[Date "2006.02.19"]
[Round "9"]
[White "Solomons"]
[Black "quangliem"]
[Result "0-1"]
[WhiteElo "2476"]
[BlackElo "2600"]
[TimeControl "2700+45"]

1. e4 c5 2. Nf3 d6 3. c3 Nf6 4. Bd3 Nc6 5. Bc2 Bg4 6. d3 e6 7. Nbd2 Be7 8. h3
Bh5 9. Qe2 d5 10. g4 Bg6 11. Nh4 dxe4 12. dxe4 Bxe4 13. Nxe4 Nxe4 14. Bxe4 Bxh4
15. Be3 Be7 16. Rd1 Qc7 17. g5 Rd8 18. h4 Rxd1+ 19. Kxd1 Kd8 20. Kc1 Kc8 21. Kb1
Bd6 22. h5 a6 23. Rd1 g6 24. Qf3 Rd8 25. Bxc6 bxc6 26. hxg6 hxg6 27. Rh1 Kb7 28.
Rh7 Rd7 29. Rh4 Qa5 30. Rh7 Qc7 31. Rh4 Qa5 32. Rh7 Qc7 33. Rh4 Be7 34. Ra4 Qd6
35. Qe2 Qd1+ 36. Qxd1 Rxd1+ 37. Kc2 Rd5 38. f4 Bd6 39. Re4 Kc8 40. Ra4 Kb7 41.
Re4 Bc7 42. Kb3 Bb6 43. Kc4 Kc7 44. a3 Kb7 45. b3 Kc7 46. Bg1 Kb7 47. Be3 Rf5
48. Bc1 Bc7 49. Be3 Bd6 50. Kd3 Kc7 51. Ra4 Kb7 52. Re4 Kb6 53. Kc4 Kc7 54. Kd3
Bf8 55. Ra4 Kb6 56. Rb4+ Kc7 57. Ra4 Kb7 58. Rc4 Rd5+ 59. Kc2 Bd6 60. Re4 Rf5
61. Kd3 e5 62. fxe5 Bxe5 63. Kc4 Bd6 64. Re8 Rf3 65. a4 Kc7 66. Re4 Kd7 67. Bd2
Rf5 68. Be3 Be7 69. Rg4 Ke6 70. b4 cxb4 71. cxb4 Re5 72. Bd2 Re2 73. Kd3 Re5 74.
Kc4 Bd6 75. Rd4 Be7 76. Rg4 Rd5 77. Be3 Bd6 78. Bd4 Kf5 79. Rg1 Bf4 80. Bf6 Rd2
81. Rf1 Rc2+ 82. Kd4 Ra2 83. a5 Rc2 84. Be7 Kg4 85. Rg1+ Kf3 86. Rf1+ Kg3 87.
Rg1+ Kf2 88. Rh1 Re2 89. Bf6 Be3+ 90. Kd3 Rd2+ 91. Ke4 Rd5 92. Rh2+ Kg3 93. Rc2
Bxg5 94. Rxc6 Rb5 95. Bc3 Be7 96. Rxa6 Bxb4 97. Be5+ Kg4 98. Rf6 Bxa5 99. Rf4+
Kh3 100. Rxf7 g5 101. Bd6 Kg4 102. Rg7 Bd2 103. Be7 Bf4 104. Rg8 Re5+ {White
resigns} 0-1  aics%

[Event "Team 45 45 League T29"]
[Site "Internet Chess Club"]
[Date "2006.02.21"]
[Round "9"]
[White "MrPetrov"]
[Black "akdog3"]
[Result "1/2-1/2"]
[WhiteElo "2219"]
[BlackElo "2211"]
[TimeControl "2700+45"]

1. e4 e6 2. d4 d5 3. Nc3 Nf6 4. Bg5 Bb4 5. e5 h6 6. Bd2 Bxc3 7. bxc3 Ne4 8. Qg4
g6 9. Bd3 Nxd2 10. Kxd2 c5 11. h4 Qa5 12. h5 g5 13. f4 cxd4 14. Nf3 dxc3+ 15.
Kd1 Qa4 16. Nxg5 hxg5 17. Qxg5 Nc6 18. Qf6 Rf8 19. h6 Qd4 20. Ke2 Ne7 21. h7 Nf5
22. Bxf5 exf5 23. h8=Q Qe4+ 24. Kd1 Qd4+ 25. Ke2 Qe4+ 26. Kd1 Qd4+ 27. Ke2 {Game
drawn by repetition} 1/2-1/2  aics%

[Event "Team 45 45 League T29"]
[Site "Internet Chess Club"]
[Date "2006.02.18"]
[Round "9"]
[White "syy89"]
[Black "vutru"]
[Result "0-1"]
[WhiteElo "2118"]
[BlackElo "2251"]
[TimeControl "2700+45"]

1. e4 c5 2. Nf3 d6 3. d4 cxd4 4. Nxd4 Nf6 5. Nc3 a6 6. f3 e5 7. Nb3 Be6 8. Be3
Be7 9. Qd2 O-O 10. O-O-O Nbd7 11. g4 Rc8 12. Kb1 b5 13. Qf2 Rxc3 14. bxc3 Qc7
15. g5 Nh5 16. h4 a5 17. Bh3 a4 18. Bxe6 fxe6 19. Nc1 Qxc3 20. Rd3 Qc4 21. Rh2
Rc8 22. Qd2 Nc5 23. Bxc5 Qxc5 24. a3 Nf4 25. Ne2 Nxd3 26. Qxd3 b4 27. g6 h6 28.
f4 bxa3 29. f5 Qb4+ {White resigns} 0-1  aics%

[Event "Team 45 45 League T29"]
[Site "Internet Chess Club"]
[Date "2006.02.18"]
[Round "9"]
[White "Neo-Myshkin"]
[Black "DTK"]
[Result "0-1"]
[WhiteElo "1933"]
[BlackElo "2126"]
[TimeControl "2700+45"]

1. e4 e6 2. d4 d5 3. Nc3 Nf6 4. e5 Nfd7 5. f4 c5 6. Nf3 Nc6 7. Be3 cxd4 8. Nxd4
Bc5 9. Qd2 O-O 10. O-O-O a6 11. h4 Nxd4 12. Bxd4 b5 13. Kb1 b4 14. Na4 Bxd4 15.
Qxd4 a5 16. h5 Ba6 17. Bd3 Qc7 18. h6 g6 19. Rhe1 Bxd3 20. cxd3 Rfc8 21. Rc1 Qd8
22. Qf2 Ra6 23. Rxc8 Qxc8 24. Rc1 Rc6 25. Rxc6 Qxc6 26. Qc2 Qxc2+ 27. Kxc2 g5
28. g3 f6 29. d4 gxf4 30. gxf4 Kf7 31. Kd3 Ke7 32. b3 Nb8 33. Nc5 Nc6 34. Nb7
Kf7 35. Nc5 Nd8 36. Nd7 f5 37. Ke3 Kg6 38. Nc5 Kxh6 39. Kf3 Kg6 40. Kf2 Kf7 41.
Nd7 Nc6 42. Ke3 h5 43. Nf6 Kg6 44. Nd7 Nd8 45. Nc5 h4 46. Nd3 Nc6 47. Ne1 Kh5
48. Nf3 Kg4 49. Kf2 Kxf4 50. Nxh4 Nxd4 51. Ng6+ Ke4 {White resigns} 0-1  aics%